 Dungeon Crawl Stone Soup version 0.31.0-9-g3a7656b989 (webtiles) character file.

Game seed: 9023001495206616623

45 qw the Shooter (level 3, -3/20 HPs)
             Began as a Deep Elf Hunter on Feb 2, 2024.
             Slain by a gnoll
             ... wielding a +0 flail
              (10 damage)
             ... on level 2 of the Dungeon.
             The game lasted 00:00:03 (681 turns).

qw the Shooter (Deep Elf Hunter)                     Turns: 681, Time: 00:00:03

Health: -3/20      AC:  5    Str: 10    XL:     3   Next: 42%
Magic:  5/5        EV: 11    Int: 13    God:
Gold:   47         SH:  0    Dex: 18    Spells: 2/2 levels left

rFire   . . .        a - +0 shortbow
rCold   . . .        (shield currently unavailable)
rNeg    . . .        g - +0 ring mail
rPois   .            (no helmet)
rElec   .            (no cloak)
rCorr   .            (no gloves)
SInv    .            (no boots)
Will    .....        (no amulet)
Stlth   +            (no ring)
HPRegen 0.23/turn    (no ring)
MPRegen 0.09/turn

%: no passive effects
@: no status effects
A: no striking features
a: no special abilities


You were on level 2 of the Dungeon.
You visited 1 branch of the dungeon, and saw 2 of its levels.

You collected 47 gold pieces.


   Skills:
 - Level 1.5 Fighting
 + Level 7.0 Ranged Weapons
 - Level 2.4 Dodging
 - Level 1.2 Stealth


You had 2 spell levels left.
You didn't know any spells.
Your spell library was empty.

Inventory:

Hand Weapons
 a - a +0 shortbow (weapon)
Armour
 g - a +0 ring mail (worn)
Jewellery
 c - a ring of ice
Scrolls
 b - a scroll of revelation {unknown}
Potions
 e - a potion of curing {unknown}
 h - a potion of brilliance {unknown}

Dungeon Overview and Level Annotations

Branches:
Dungeon (2/15)

Altars:


Message History

You shoot an arrow. The arrow closely misses the bat.
The bat barely misses you.
You shoot an arrow. The arrow hits the bat.
You kill the bat!
You shoot an arrow. The arrow hits the ball python.
You kill the ball python!
Your Ranged Weapons skill increases to level 7!
Found a book of Geomancy.
Found a leather armour.
A bat comes into view.
You shoot an arrow. The arrow misses the bat.
You shoot an arrow. The arrow hits the bat.
The bat is heavily wounded.
The bat hits you but does no damage.
You shoot an arrow. The arrow hits the bat.
You kill the bat!
You see here a +0 club.
Found a stone.
c - a ring of ice 4 gnolls come into view.
The gnoll shouts! x2
Enter note:
Enter note:
673 ||| RETREEEEATING.
The gnoll shouts!
675 ||| RETREEEEATING.
The gnoll shouts!
677 ||| RETREEEEATING.
You shoot an arrow. The arrow hits the gnoll.
The gnoll is moderately wounded.
You shoot an arrow. The arrow hits the gnoll.
The gnoll is moderately wounded.
The gnoll hits you with a +0 flail!
You shoot an arrow. The arrow closely misses the gnoll.
The gnoll hits you with a +0 flail.
You shoot an arrow. The arrow hits the gnoll.
The gnoll is heavily wounded.
The gnoll hits you with a +0 flail!
Ouch! That really hurt!
You die...

..#### ..g...#####
#...g.g...# #g#
#@# # #######.#
#.#...#...#
....(...###
........#######
..............#
.......###.#..#
........#.....#.#
......:...........


You could see 2 gnolls.

Vanquished Creatures
  2 dart slugs (D:1)
  4 bats
  3 endoplasms (D:1)
  3 giant cockroaches (D:1)
  6 goblins
  3 hobgoblins (D:1)
  A kobold (D:1)
  4 quokkas
  6 ball pythons
  2 frilled lizards (D:1)
  3 rats (D:1)
37 creatures vanquished.

Notes
Turn   | Place    | Note
-------+----------+-------------------------------------------
     0 | D:1      | qw the Deep Elf Hunter began the quest for the Orb.
     0 | D:1      | Reached XP level 1. HP: 12/12 MP: 3/3
     0 | D:1      | 0 ||| qw: Version: 0.3-a-155-g5e7d8dd
     0 | D:1      | 0 ||| qw: Game counter: 2417
     0 | D:1      | 0 ||| qw: Melee chars always use a shield: true
     0 | D:1      | 0 ||| qw: God list: Okawaru
     0 | D:1      | 0 ||| qw: Allow faded altars: false
     0 | D:1      | 0 ||| qw: Do Orc after clearing Dungeon:15 true
     0 | D:1      | 0 ||| qw: Do second Lair branch before Depths: true
     0 | D:1      | 0 ||| qw: Lair rune preference: random
     0 | D:1      | 0 ||| qw: Goals: Normal
     0 | D:1      | 0 ||| PLANNING D:1-11
    65 | D:1      | Reached skill level 6 in Ranged Weapons
    65 | D:1      | Reached XP level 2. HP: 16/16 MP: 4/4
   261 | D:1      | Reached XP level 3. HP: 20/20 MP: 5/5
   586 | D:1      | 586 ||| UPGRADING to +0 ring mail.
   596 | D:1      | 596 ||| DROPPING +0 leather armour.
   597 | D:1      | 597 ||| READING scroll labelled KIWONE NUHOLUA.
   598 | D:1      | 598 ||| READING scroll labelled TOACUW AMEOZXO.
   599 | D:1      | 599 ||| DROPPING scroll of butterflies.
   645 | D:2      | Reached skill level 7 in Ranged Weapons
   673 | D:2      | 673 ||| RETREEEEATING.
   675 | D:2      | 675 ||| RETREEEEATING.
   677 | D:2      | 677 ||| RETREEEEATING.
   681 | D:2      | Slain by a gnoll

Levels and vault maps discovered:
D:1:      dpeg_arrival_tiny_h, layout_loops_ring
D:2:      layout_basic, basic_altar, grunt_ministairs_8, uniq_crazy_yiuf_cottage

Skill      XL: |  1  2  3 |
---------------+----------+-----
Ranged Weapons | 6 7 |  7.0
Fighting       | |  1.5
Dodging        | |  2.4
Stealth        | |  1.2

Action                     || total
---------------------------++-------
   Fire: Shortbow          ||    88
    Use: Scroll            ||     2
 Armour: Leather armour    ||     7
         Ring mail         ||     4
  Dodge: Dodged            ||     8

Table legend:
 A = Non-vault XP
 B = Vault XP
 C = Vault XP percentage of total XP
 D = Non-vault monster count
 E = Vault monster count
 F = Vault count percentage of total count
                 A         B        C        D         E       F
            +---------+---------+-------+---------+---------+-------
      Total |      65 |       0 |   0.0 |      37 |       0 |   0.0
            +---------+---------+-------+---------+---------+-------
        D:1 |      58 |       0 |   0.0 |      32 |       0 |   0.0
        D:2 |       7 |       0 |   0.0 |       5 |       0 |   0.0
            +---------+---------+-------+---------+---------+-------
